 Dungeon Crawl Stone Soup version 0.28-a0-793-g31680bbd8b (webtiles) character file.

Game seed: 6657767771252663188

151 demibob the Ruffian (level 5, -2/45 HPs)
             Began as a Ghoul Monk on Nov 4, 2021.
             Slain by an orc priest (7 damage)
             ... on level 3 of the Dungeon.
             The game lasted 00:02:21 (2550 turns).

demibob the Ruffian (Ghoul Monk)                    Turns: 2550, Time: 00:02:22

Health: -2/45      AC:  3    Str: 16    XL:     5   Next: 33%
Magic:  4/4        EV: 12    Int:  5    God:
Gold:   147        SH:  0    Dex: 11    Spells: 4/4 levels left

rFire   . . .      SeeInvis .     - Unarmed
rCold   + . .      Faith    .   (no shield)
rNeg    + + +      Spirit   .   a - +1 robe
rPois   ∞          Reflect  .   (no helmet)
rElec   .          Harm     .   (no cloak)
rCorr   .          Rampage  .   (no gloves)
Will    .....                   (no boots)
Stlth   ++........              (no amulet)
HPRegen 0.00/turn               (no ring)
MPRegen 0.09/turn               (no ring)

@: inhibited regen
A: claws 1, cold resistance 1, negative energy resistance 3, inhibited
regeneration, torment resistance 2
a: no special abilities


You were on level 3 of the Dungeon.
You visited 1 branch of the dungeon, and saw 3 of its levels.

You collected 147 gold pieces.


Innate Abilities, Weirdness & Mutations

You thrive by killing the living.
You are immune to poison.
You have sharp fingernails.
Your flesh is cold resistant. (rC+)
You are immune to negative energy. (rN+++)
You do not regenerate when monsters are visible.
You are immune to unholy pain and torment.


   Skills:
 - Level 3.2 Fighting
 - Level 2.6 Dodging
 - Level 2.1 Stealth
 + Level 6.4 Unarmed Combat


You had 4 spell levels left.
You didn't know any spells.
Your spell library was empty.

Inventory:

Missiles
 h - a throwing net (quivered) {=f}
 l - 6 curare-tipped darts {=f}
Armour
 a - a +1 robe (worn)
Jewellery
 e - an amulet of magic regeneration
Wands
 b - a wand of polymorph (6)
 j - a wand of flame (16)
Scrolls
 k - a scroll of fear {unknown}
Potions
 c - 2 potions of curing {unknown}
 d - 2 potions of cancellation {unknown}
 f - a potion of ambrosia {unknown}
 g - a potion of mutation {unknown}
 i - a potion of brilliance {unknown}

Dungeon Overview and Level Annotations

Branches:
Dungeon (3/15)

Altars:
Ru

Annotations:
D:2 1 runed translucent door, Crazy Yiuf

#.##.#.# ... #.##.#.#
.. ####.##.#.# .# #
#....##.#.########.#.#
#.......$.)........#.#
................>....#
...#..#.#...<###.).#
..<...#^##....))o..#
....#.#.##.#..).@..#
#)..#.#............#
#..).......>.......#
#.###.###........###
.....................$.
#..........#####.###...
#####.#....# #.# .
...........# #.#
......#.#........#


You could see an orc priest.


Message History

An orc priest comes into view. It is wielding a +2 mace of holy wrath.
Found 13 gold pieces.
You see here 6 curare-tipped darts {=f}.
l - 6 curare-tipped darts {=f} The orc priest hits you with a +2 mace of holy wrath!
You convulse.
* * * LOW HITPOINT WARNING * * *
You are too injured to fight recklessly!
You are too injured to fight recklessly!
You are too injured to fight recklessly!
You barely miss the orc priest.
The orc priest hits you with a +2 mace of holy wrath.
* * * LOW HITPOINT WARNING * * *
You convulse.
* * * LOW HITPOINT WARNING * * *
You scratch the orc priest. You claw the orc priest.
The orc priest is severely wounded.
The orc priest begins to cast a cantrip, but forgets the words!
You barely miss the orc priest. You claw the orc priest.
The orc priest is almost dead.
The orc priest hits you with a +2 mace of holy wrath.
* * * LOW HITPOINT WARNING * * *
You convulse.
* * * LOW HITPOINT WARNING * * *
You scratch the orc priest but do no damage.
The orc priest is almost dead.
You scratch the orc priest but do no damage.
The orc priest is almost dead.
The orc priest hits you with a +2 mace of holy wrath!
You die...

Skill      XL: |  1  2  3  4 |
---------------+-------------+-----
Unarmed Combat | 4 5 6 |  6.4
Fighting       | |  3.2
Dodging        | |  2.6
Stealth        | |  2.1

Action                   |  1- 3 |  4- 6 || total
-------------------------+-------+-------++-------
Melee: Unarmed           |   110 |    63 ||   173
       Punch             |     4 |     3 ||     7
  Use: Scroll            |     4 |       ||     4
 Stab: Sleeping          |     4 |     4 ||     8
Armor: Robe              |    28 |    11 ||    39
Dodge: Dodged            |    58 |    30 ||    88

Levels and vault maps discovered:
D:1:      onia_arrival_mini_maze, layout_rooms, serial_rivers,
          chequers_serial_rivers_micro_d, chequers_serial_rivers_micro_b,
          chequers_serial_rivers_micro_e, chequers_serial_rivers_small_3,
          chequers_serial_rivers_micro_c
D:2:      layout_basic, uniq_crazy_yiuf_cottage, uniq_terence
D:3:      layout_basic, lemuel_tele_altar

Notes
Turn   | Place    | Note
-------+----------+-------------------------------------------
     0 | D:1      | demibob the Ghoul Monk began the quest for the Orb.
     0 | D:1      | Reached XP level 1. HP: 19/19 MP: 0/0
    77 | D:1      | Reached XP level 2. HP: 11/26 MP: 1/1
   287 | D:1      | Reached skill level 4 in Unarmed Combat
   561 | D:1      | Reached XP level 3. HP: 31/31 MP: 2/2
  1128 | D:2      | Reached skill level 5 in Unarmed Combat
  1648 | D:2      | Reached XP level 4. HP: 29/38 MP: 3/3
  1821 | D:2      | Noticed Terence
  1831 | D:2      | Killed Terence
  2197 | D:2      | Found a runed translucent door.
  2198 | D:2      | Noticed Crazy Yiuf
  2391 | D:3      | Found a sacrificial altar of Ru.
  2433 | D:3      | Reached skill level 6 in Unarmed Combat
  2520 | D:3      | Reached XP level 5. HP: 45/45 MP: 4/4
  2550 | D:3      | Slain by an orc priest

Vanquished Creatures
  An orc priest (D:3)
  Terence (D:2)
  2 adders (D:2)
  2 worms (D:2)
  A dart slug (D:3)
  3 orcs (D:3)
  6 endoplasms
  A giant cockroach (D:2)
  8 goblins
  6 hobgoblins
  11 jackals
  3 quokkas (D:1)
  4 ball pythons
  5 bats
  2 frilled lizards
  A kobold (D:2)
  4 rats
61 creatures vanquished.

Table legend: (Time is in decaauts)
 A = Elapsed time spent in this place.
 B = Non-inter-level travel time spent in this place.
 C = Inter-level travel time spent in this place.
 D = Time resting spent in this place.
 E = Time spent auto-exploring this place.
 F = Levels seen in this place.
 G = Mean time per level.
                   A        B        C        D        E       F      G
               +--------+--------+--------+--------+--------+-----+--------+
         Total |   2538 |   2460 |     78 |    322 |   1755 |   3 |  846.0 |
       Dungeon |   2538 |   2460 |     78 |    322 |   1755 |   3 |  846.0 |
               +--------+--------+--------+--------+--------+-----+--------+

Top non-repeatable levels by time:
     D:2: 1231 daAuts
     D:1: 1099 daAuts
     D:3: 207 daAuts

Table legend:
 A = Non-vault XP
 B = Vault XP
 C = Vault XP percentage of total XP
 D = Non-vault monster count
 E = Vault monster count
 F = Vault count percentage of total count
                 A         B        C        D         E       F
            +---------+---------+-------+---------+---------+-------
      Total |     181 |      36 |  16.6 |      60 |       1 |   1.6
            +---------+---------+-------+---------+---------+-------
        D:1 |      43 |       0 |   0.0 |      24 |       0 |   0.0
        D:2 |      65 |      36 |  35.6 |      19 |       1 |   5.0
        D:3 |      73 |       0 |   0.0 |      17 |       0 |   0.0
            +---------+---------+-------+---------+---------+-------
